AoeStats
← Janet

Baltic

510355578Analyzed
2v2 RM · 2d ago on Sep 30, 2026· 75m 22s· 4 players
Game mode
Random Map
Map size
Medium (4 player)
Population
200
Speed
Normal
Resources
Standard
Victory
Conquest
Starting age
Dark Age
Ending age
Imperial Age
RankedLock teamsTeams togetherTeam positionsShared explorationLock speedFull tech treeHidden civsTurbo modeCheats
Victory
Defeat
🇩🇪 Malay · Germany
732
+13
🇩🇪 Wei · Germany
636
+17
🇳🇱 Magyars · Netherlands
668
-15
🇦🇺 Japanese · Australia
662
-15
Vickysaurus
4:53 Loom
10:29 Feudal Age
11:00 Double-Bit Axe
11:34 Horse Collar
21:09 Castle Age
19:46 Scale Barding Armor
21:42 Gold Mining
22:16 Light Cavalry
23:07 Bloodlines
22:58 Husbandry
23:21 Bow Saw
24:35 Scale Mail Armor
24:58 Chain Barding Armor
31:00 Fletching
31:52 Wheelbarrow
35:18 Imperial Age
33:05 Bodkin Arrow
35:08 Thumb Ring
36:19 Hand Cart
36:26 Corvinian Army
37:52 Parthian Tactics
39:38 Two-Man Saw
39:30 Elite Magyar Huszar
40:50 Recurve Bow
41:11 Conscription
47:35 Heavy Cavalry Archer
Janet
10:05 Feudal Age
9:36 Loom
11:25 Man-at-Arms
19:54 Scale Mail Armor
23:32 Castle Age
22:39 Scale Barding Armor
22:47 Forging
22:39 Padded Archer Armor
22:30 Fletching
22:30 Double-Bit Axe
22:27 Horse Collar
23:44 Long Swordsman
24:15 Arson
31:04 Chain Barding Armor
31:07 Bodkin Arrow
31:29 Leather Archer Armor
35:59 Pikeman
56:05 Imperial Age
55:52 Thumb Ring
56:13 Chain Barding Armor
56:09 Chain Mail Armor
56:53 Light Cavalry
58:30 Elite Samurai
60:35 Halberdier
61:55 Cavalier
75:17 Plate Mail Armor
75:25 Iron Casting
Nudelsohn
5:51 Loom
11:45 Feudal Age
16:14 Wheelbarrow
25:22 Castle Age
30:22 Elite Skirmisher
31:46 Pikeman
33:13 Forging
44:06 Imperial Age
44:35 Iron Casting
52:02 Elite Karambit Warrior
55:20 Man-at-Arms
56:58 Conscription
61:47 Halberdier
62:53 Arson
75:10 Blast Furnace
maioo
6:23 Loom
12:35 Feudal Age
14:27 Gold Mining
16:18 Double-Bit Axe
19:04 Horse Collar
22:05 Castle Age
22:01 Forging
21:46 Stone Mining
23:05 Heavy Plow
23:24 Bow Saw
27:08 Gold Shaft Mining
27:44 Iron Casting
27:35 Scale Barding Armor
28:50 Tuntian
29:51 Husbandry
30:01 Bloodlines
30:14 Chain Barding Armor
31:38 Wheelbarrow
32:45 Caravan
33:48 Stone Shaft Mining
37:24 Imperial Age
39:01 Conscription
46:33 Ming Guang Armor
45:30 Elite Tiger Cavalry
48:30 Pikeman
49:11 Squires
50:03 Halberdier
51:38 Scale Mail Armor
52:38 Blast Furnace
51:30 Fletching
56:39 Bodkin Arrow
56:59 Chain Mail Armor
60:23 Bracer
65:30 Hand Cart
65:01 Town Watch
68:19 Crop Rotation
72:37 Chemistry
71:58 Ballistics
71:52 Fortified Wall
71:57 Masonry
74:41 Heavy Scorpion
Connection lost

Rejoining the realm…

Still unreachable

The connection could not be restored.

Session expired

The server has moved on; the page needs a fresh start.